 Dungeon Crawl Stone Soup version 0.27.1 (webtiles) character file.

Game seed: 2263999023722608204

530 MajorAdolf the Conjurer (level 7, -4/60 HPs)
             Began as a Naga Wanderer on Aug 25, 2021.
             Slain by Pikel (11 damage)
             ... in the Ecumenical Temple.
             The game lasted 00:09:29 (7088 turns).

MajorAdolf the Conjurer (Naga Wanderer)             Turns: 7088, Time: 00:09:29

Health: -4/60      AC:  3    Str: 16    XL:     7   Next: 24%
Magic:  11/11      EV:  8    Int: 12    God:
Gold:   126        SH:  5    Dex: 13    Spells: 11/12 levels left

rFire    . . .     SeeInvis +   h - +0 dagger
rCold    . . .     Faith    .   g - +2 buckler
rNeg     . . .     Spirit   .   c - +0 robe
rPois    +         Reflect  .   (helmet restricted)
rElec    .         Harm     .   (no cloak)
rCorr    .         Rampage  .   (no gloves)
Will     .....                  (no barding)
Stlth    ++........             (no amulet)
HPRegen  0.20/turn              (no ring)
MPRegen  0.12/turn              (no ring)

@: short of breath, very slow
A: AC +2, large, see invisible, deformed body, poison resistance, slowness 2,
spit poison 1, naga tail 1, horns 1, agile 1
a: Spit Poison


You were in the Ecumenical Temple.
You visited 2 branches of the dungeon, and saw 5 of its levels.

You collected 126 gold pieces.

Inventory:

Hand Weapons
 a - a +0 quarterstaff
 h - a +0 dagger (weapon)
 i - a +2 whip of draining
Armour
 c - a +0 robe (worn)
 g - a +2 buckler (worn)
 j - a +0 helmet
Jewellery
 d - an amulet of faith
Wands
 l - a wand of flame (11)
Scrolls
 f - a scroll of blinking {unknown}
 k - a scroll of fear {unknown}
 m - a scroll of noise {unknown}
 n - a scroll of vulnerability {unknown}


   Skills:
 - Level 2.0 Fighting
 - Level 1.0 Staves
 - Level 1.5 Stealth
 - Level 3.0 Spellcasting
 + Level 7.3 Conjurations
 - Level 1.0 Translocations
 - Level 1.3 Poison Magic
 - Level 1.0 Evocations


You had 11 spell levels left.
You knew the following spells:

 Your Spells              Type           Power      Damage    Failure   Level
a - Magic Dart            Conj           76%        1d6       1%          1

Your spell library contained the following spells:

 Spells                   Type           Power      Damage    Failure   Level
 Conjure Flame            Conj/Fire      10%        6-21      26%         3
 Mephitic Cloud           Conj/Pois/Air  8%         N/A       36%         3
 Blink                    Tloc           N/A        N/A       38%         2
 Poisonous Vapours        Pois/Air       6%         N/A       43%         2
 Call Imp                 Summ           1%         N/A       52%         2
 Corpse Rot               Necr/Air       N/A        N/A       52%         2
 Slow                     Hex            1%         N/A       52%         2
 Freezing Cloud           Conj/Ice/Air   3%         6-21      99%         5


Dungeon Overview and Level Annotations

Branches:
Dungeon (4/15)             Temple (1/1) D:4

Altars:
Ashenzari
Cheibriados
Fedhas
Hepliaklqana
Makhleb
Sif Muna
Uskayaw
Vehumet
Xom

Annotations:
D:3 exclusion: downstairs
D:4 Ijyb
Temple Pikel


Innate Abilities, Weirdness & Mutations

Your serpentine skin is tough. (AC +2)
You have supernaturally acute eyesight. (SInv)
Armour fits poorly on your strangely shaped body.
Your system is resistant to poisons. (rPois)
You cover ground very slowly.
You can spit poison.
You have a snake-like lower body.
You have a pair of small horns on your head.
You are agile. (Dex +2)


Message History

Pikel barely misses you.
Found a radiant altar of Vehumet.
Pikel hits you with a +0 whip of freezing!
Pikel freezes you.
You have got your breath back.
Your hearing returns.
Press: ? - help, Shift-Dir - straight line, f/p - Pikel
Aim: Pikel, wielding a +0 whip of freezing and wearing a +0 robe (heavily wounded, poisoned)
The splash of poison hits Pikel!
Pikel looks even sicker.
Pikel is severely wounded.
Pikel barely misses you.
Unknown command.
Pikel barely misses you.
You float gracefully downwards.
Found a broken altar of Ashenzari.
You have got your breath back.
Pikel hits you with a +0 whip of freezing.
Pikel freezes you.
* * * LOW HITPOINT WARNING * * *
Press: ? - help, Shift-Dir - straight line, f/p - Pikel
Aim: Pikel, wielding a +0 whip of freezing and wearing a +0 robe (almost dead, poisoned)
The splash of poison misses Pikel.
Pikel hits you with a +0 whip of freezing.
* * * LOW HITPOINT WARNING * * *
Pikel freezes you.
* * * LOW HITPOINT WARNING * * *
Pikel looks more healthy.
Pikel waves his whip at you.
You have got your breath back.
Pikel hits you with a +0 whip of freezing.
* * * LOW HITPOINT WARNING * * *
Pikel freezes you.
* * * LOW HITPOINT WARNING * * *
Found a shimmering altar of Xom.
Press: ? - help, Shift-Dir - straight line, f/p - Pikel
Aim: Pikel, wielding a +0 whip of freezing and wearing a +0 robe (almost dead)
The splash of poison hits Pikel.
Pikel is poisoned.
Pikel is almost dead.
Pikel hits you with a +0 whip of freezing!
You die...

...........
........⌠.8.⌠...........
........................
........................
_..................._...
........................
...._..........._.......
.........._............#
#......@K...........####
#####...........#####
#############


You could see Pikel (poisoned).

Vanquished Creatures
  Sigmund (D:4)
  A scorpion (D:3)
  A jelly (D:4)
  2 orc priests (D:3)
  A bullfrog skeleton (D:4)
  Jessica (D:2)
  An iguana (D:3)
  3 gnolls
  4 adders
  A dart slug (D:2)
  A worm (D:3)
  5 orcs
  7 bats
  4 endoplasms
  2 giant cockroaches (D:1)
  9 goblins
  4 hobgoblins
  4 jackals (D:2)
  A kobold (D:4)
  6 quokkas
  6 ball pythons
  2 frilled lizards
  4 rats
71 creatures vanquished.

Vanquished Creatures (others)
  2 plants (D:2)
2 creatures vanquished.

Grand Total: 73 creatures vanquished

Notes
Turn   | Place    | Note
-------+----------+-------------------------------------------
     0 | D:1      | MajorAdolf the Naga Wanderer began the quest for the Orb.
     0 | D:1      | MajorAdolf set off with the following items: a +0
                  | quarterstaff, a scroll of teleportation, a +0 robe; and the
                  | following spell memorised: Magic Dart; and the following
                  | spells available to memorise: Blink, Call Imp, Slow,
                  | Mephitic Cloud, Conjure Flame
     0 | D:1      | Reached XP level 1. HP: 19/19 MP: 4/4
   303 | D:1      | Reached skill level 1 in Conjurations
   393 | D:1      | Reached XP level 2. HP: 26/26 MP: 3/6
   635 | D:1      | Reached skill level 2 in Conjurations
  1102 | D:1      | Reached XP level 3. HP: 32/32 MP: 4/7
  1955 | D:2      | Noticed Jessica
  1966 | D:2      | Killed Jessica
  1967 | D:2      | Reached skill level 3 in Conjurations
  1967 | D:2      | Reached XP level 4. HP: 36/39 MP: 2/8
  2367 | D:2      | Found a faded altar of an unknown god.
  2501 | D:2      | Reached skill level 4 in Conjurations
  3545 | D:3      | Reached XP level 5. HP: 45/45 MP: 5/9
  3700 | D:3      | Reached skill level 5 in Conjurations
  3940 | D:3      | Found a shimmering blue altar of Sif Muna.
  4712 | D:3      | Gained mutation: You are agile. (Dex +2) [potion of
                  | mutation]
  4712 | D:3      | Gained mutation: You have a pair of small horns on your
                  | head. [potion of mutation]
  5059 | D:3      | Reached skill level 6 in Conjurations
  5059 | D:3      | Reached XP level 6. HP: 51/52 MP: 4/10
  5690 | D:3      | Found a shimmering blue altar of Sif Muna.
  5877 | D:4      | Noticed Sigmund
  5877 | D:4      | Found a staircase to the Ecumenical Temple.
  6152 | D:4      | Killed Sigmund
  6153 | D:4      | Reached skill level 7 in Conjurations
  6153 | D:4      | Reached XP level 7. HP: 43/60 MP: 2/11
  6395 | D:4      | Noticed Ijyb
  6528 | Temple   | Entered the Ecumenical Temple
  6813 | D:4      | Noticed Pikel
  7088 | Temple   | Slain by Pikel

Illustrated notes

Levels and vault maps discovered:
D:1:      dpeg_arrival_yet_another_circle, layout_basic,
          kennysheep_small_spiral, chequers_arboretum
D:2:      layout_loops_corners, chequers_ecumenical_altar_twisty,
          serial_bayou_pond_e, uniq_jessica
D:3:      layout_basic, mainiacjoe_overflow_cross_hatched
D:4:      layout_basic, kennysheep_mini, minmay_temple_entry_large_hall,
          serial_corexii_hall, chequers_hall_statues_wall_a,
          corexii_hall_statues_i, uniq_duvessa, uniq_ijyb, uniq_pikel,
          uniq_sigmund
Temple:   compressed_dpeg_circular_temple

Skill      XL: |  1  2  3  4  5  6 |
---------------+-------------------+-----
Conjurations   | 1 2 3 4 6 7 |  7.3
Fighting       | |  2.0
Staves         | |  1.0
Stealth        | |  1.5
Spellcasting   | |  3.0
Translocations | |  1.0
Poison Magic   | |  1.3
Evocations     | |  1.0

Action                   |  1- 3 |  4- 6 |  7- 9 || total
-------------------------+-------+-------+-------++-------
Melee: Quarterstaff      |     4 |       |       ||     4
       Dagger            |       |    10 |     3 ||    13
 Cast: Magic Dart        |    60 |   113 |    26 ||   199
 Abil: Spit Poison       |    11 |    21 |    14 ||    46
  Use: Potion            |       |     3 |     3 ||     6
       Scroll            |       |     1 |     2 ||     3
Armor: Robe              |     9 |     8 |       ||    17
Dodge: Dodged            |    19 |    22 |    13 ||    54
Block: Buckler           |     2 |    14 |     6 ||    22
